 Dungeon Crawl Stone Soup version 0.19.3-1-g3169bf9 (webtiles) character file.

277 MeIsWinter the Skirmisher (level 6, -1/58 HPs)
             Began as a Minotaur Berserker on Jan 24, 2017.
             Was a Believer of Trog.
             Slain by an ufetubus (3 damage)
             ... in a sewer.
             The game lasted 00:34:45 (4143 turns).

MeIsWinter the Skirmisher (Minotaur Berserker)      Turns: 4143, Time: 00:34:45

Health: -1/58      AC:  2    Str: 21    XL:     6   Next: 4%
Magic:  5/5        EV: 12    Int:  6    God:    Trog [**....]
Gold:   93         SH:  0    Dex: 10    Spells: 0 memorised, 5 levels left

rFire  . . .     SeeInvis .     a - +0 mace
rCold  . . .     Gourm    .     h - +0 leather armour
rNeg   . . .     Faith    .     (no shield)
rPois  .         Spirit   .     (helmet restricted)
rElec  .         Reflect  .     (no cloak)
rCorr  .         Harm     .     (no gloves)
MR     .....                    t - +0 pair of boots
Stlth  +.........               (no amulet)
                                (no ring)
                                l - -2 ring of protection (curse)

@: exhausted, slowed, very slow
A: retaliatory headbutt, horns 2
a: Berserk, Trog's Hand, Burn Spellbooks, Renounce Religion


You were in a sewer.
You worshipped Trog.
Trog was pleased with you.
You were not hungry.

You visited 1 branch of the dungeon, and saw 3 of its levels.
You also visited: Sewer.

You collected 93 gold pieces.

Inventory:

Hand Weapons
 a - a +0 mace (weapon)
 e - a +0 mace
 g - a +0 whip
 i - a +0 hunting sling
 j - a +0 spear
 p - a +0 short sword of holy wrath
 y - a +0 flail
Missiles
 d - 59 arrows
 u - 15 stones (quivered)
Armour
 h - a +0 leather armour (worn)
 s - a +0 leather armour
 t - a +0 pair of boots (worn)
Jewellery
 l - a cursed -2 ring of protection (left hand)
 v - a +2 ring of intelligence {unknown}
Wands
 x - a wand of iceblast (9/15)
Scrolls
 b - 2 scrolls of noise
 f - a scroll of enchant armour {unknown}
 o - a scroll of identify
 q - a scroll of remove curse {unknown}
Potions
 k - 2 potions of cure mutation {unknown}
 m - a potion of flight {unknown}
 r - 2 potions of brilliance {unknown}
 w - 2 potions of curing {unknown}


   Skills:
 + Level 6.6 Fighting
 - Level 6.0 Maces & Flails
 - Level 2.4 Armour
 - Level 2.1 Dodging
 - Level 0.1 Stealth


You had 5 spell levels left.
You didn't know any spells.

Dungeon Overview and Level Annotations

Branches:
Dungeon (3/15)

Altars:
Ashenzari
Hepliaklqana
Vehumet
Yredelemnul


Innate Abilities, Weirdness & Mutations

You reflexively headbutt those who attack you in melee.
You have a pair of horns on your head.


Message History

You see here a stone.
There isn't anything to butcher here.
The ufetubus hits you.
* * * LOW HITPOINT WARNING * * *
The ufetubus closely misses you.
Unknown command.
You are too injured to fight recklessly!
As you read the scroll labeled WODWOTW CEUMYIFAOX, it crumbles to dust.
It is a scroll of identify.
Really abort (and waste the scroll)?
b - 2 scrolls of noise The ufetubus closely misses you. x2; The ufetubus misses you.
The ufetubus closely misses you.
You are too injured to fight recklessly!
You are too injured to fight recklessly!
The ufetubus barely misses you. The ufetubus closely misses you.
The ufetubus hits you.
* * * LOW HITPOINT WARNING * * *
The ufetubus hits you.
You die...

#≈≈≈#≈≈≈≈≈≈≈.≈.#≈≈≈≈≈≈#
#≈≈≈#≈≈≈≈≈≈#≈.≈#≈≈≈≈≈≈#
#≈≈≈#≈≈≈≈....≈...≈≈≈≈≈#
#.≈≈#..≈≈..#≈≈≈#..≈≈≈.#
#≈.≈#......#≈≈≈#......#
##.##)#######≈#######+#
#≈≈.#......#.≈≈#(.....#
#≈...≈≈.≈≈....((≈≈Z≈≈≈..
#≈≈.#≈≈≈≈≈≈#@5.#≈≈≈≈≈≈#.
#############'#########
#...# #..§..# +.......+
+.§._.§.+ +.......+
##.§.§.##


You could see an ufetubus and a big kobold zombie.

Vanquished Creatures
  A big kobold (Sewer)
  2 big kobold zombies (Sewer)
  6 adders
  A shadow imp (Sewer)
  3 ufetubi (Sewer)
  3 oozes (Sewer)
  2 worms (D:2)
  2 dart slugs (D:1)
  A leopard gecko (D:1)
  A ball python (D:2)
  8 bats
  3 giant cockroaches
  6 goblins
  6 hobgoblins
  9 jackals
  13 kobolds
  2 frilled lizards
  6 rats
75 creatures vanquished.

Vanquished Creatures (others)
  2 kobold zombies (Sewer)
2 creatures vanquished.

Grand Total: 77 creatures vanquished

Notes
Turn   | Place    | Note
-------+----------+-------------------------------------------
     0 | D:1      | MeIsWinter the Minotaur Berserker began the quest for the Orb.
     0 | D:1      | Reached XP level 1. HP: 19/19 MP: 0/0
   217 | D:1      | Reached XP level 2. HP: 20/26 MP: 1/1
  1002 | D:1      | Reached skill level 5 in Maces & Flails
  1016 | D:1      | Reached XP level 3. HP: 30/31 MP: 2/2
  1386 | D:1      | d
  1597 | D:2      | Found a shattered altar of Ashenzari.
  1599 | D:2      | Found a basalt altar of Yredelemnul.
  1602 | D:2      | Found a radiant altar of Vehumet.
  1602 | D:2      | Found a hazy altar of Hepliaklqana.
  3202 | D:2      | Reached XP level 4. HP: 39/39 MP: 3/3
  3623 | D:3      | Found a glowing drain.
  3648 | D:3      | Reached ** piety under Trog
  3654 | Sewer    | Entered a sewer
  3813 | Sewer    | Reached skill level 5 in Fighting
  3813 | Sewer    | Reached XP level 5. HP: 33/48 MP: 4/4
  4107 | Sewer    | Found a burning altar of Makhleb.
  4135 | Sewer    | Reached XP level 6. HP: 9/58 MP: 5/5
  4143 | Sewer    | HP: 2/58 [ufetubus (2)]
  4143 | Sewer    | Slain by an ufetubus

Skill      XL: |  1  2  3  4  5 |
---------------+----------------+-----
Maces & Flails | 4 5 6 |  6.0
Fighting       | 5 6 |  6.6
Armour         | |  2.4
Dodging        | |  2.1
Stealth        | |  0.1

Action                   |  1- 3 |  4- 6 || total
-------------------------+-------+-------++-------
Melee: Mace              |    81 |    88 ||   169
       Headbutt          |     7 |    18 ||    25
Invok: Berserk           |       |     1 ||     1
  Use: Scroll            |       |     1 ||     1
  Eat: Meat ration       |     1 |       ||     1
       Bread ration      |     1 |       ||     1
       Beef jerky        |       |     1 ||     1
Armor: Animal skin       |     9 |       ||     9
       Leather armour    |     5 |    12 ||    17
Dodge: Dodged            |    52 |    66 ||   118
